 Dungeon Crawl Stone Soup version 0.27-a0-295-ge1136d6ca4 (webtiles) character file.

Game seed: 15758338936391968153

1544 runeeyes the Martial Artist (level 8, -1/51 HPs)
             Began as an Octopode Chaos Knight on Feb 10, 2021.
             Was a Believer of Okawaru.
             Killed from afar by an electric eel (11 damage)
             ... with a bolt of electricity
             ... on level 6 of the Dungeon.
             The game lasted 00:05:48 (6239 turns).

runeeyes the Martial Artist (Octopode Chaos Knight) Turns: 6239, Time: 00:05:49

Health: -1/51      AC:  5    Str: 11    XL:     8   Next: 87%
Magic:  8/10       EV: 16    Int: 14    God:    Okawaru [**....]
Gold:   389        SH:  5    Dex: 12    Spells: 6/7 levels left

rFire    . . .     SeeInvis +     - Unarmed
rCold    . . .     Faith    .   (no shield)
rNeg     . . .     Spirit   .   (helmet restricted)
rPois    .         Reflect  +   t - amulet of reflection
rElec    .         Harm     .   j - +4 ring of protection
rCorr    .         Rampage  .   u - ring of see invisible
Will     .....     Rnd*Rage +   (no ring)
Stlth    +++++.....             (no ring)
HPRegen  0.17/turn              (no ring)
MPRegen  0.12/turn              (no ring)
                                (no ring)
                                (no ring)

@: heroism
A: almost no armour, stealthy swim, amphibious, 8 rings, constrict 8, camouflage
1, berserk 1, blurry vision 2, clumsy 1, frail 1, gelatinous body 1
a: Renounce Religion, Heroism


You were on level 6 of the Dungeon.
You worshipped Okawaru.
Okawaru was pleased with you.
You visited 1 branch of the dungeon, and saw 6 of its levels.

You collected 389 gold pieces.

Inventory:

Hand Weapons
 g - a +2 whip of pain
Missiles
 f - 5 atropa-tipped darts (quivered)
Jewellery
 j - a +4 ring of protection (left tentacle)
 t - an amulet of reflection (around mantle)
 u - a ring of see invisible (right tentacle)
 z - an uncursed ring of magical power
Scrolls
 a - 2 scrolls of identify {@r1}
 b - 6 scrolls of remove curse {@r2}
 l - 3 scrolls of fog
 m - a scroll of random uselessness
 n - 2 scrolls of noise
 o - 2 scrolls of teleportation {@r3}
 p - 4 scrolls of fear {unknown}
 q - 3 scrolls of vulnerability {unknown}
 v - a scroll of blinking {@r4}
 x - 3 scrolls of magic mapping {unknown}
 y - a scroll of immolation {unknown}
Potions
 c - 3 potions of flight
 d - 3 potions of attraction
 e - 2 potions of heal wounds {@q2}
 h - 3 potions of curing {@q1}
 i - a potion of berserk rage {unknown}
 k - a potion of invisibility {unknown}
 s - 2 potions of brilliance {unknown}
 w - a potion of ambrosia {unknown}
Miscellaneous
 r - a box of beasts (inert)


   Skills:
 + Level 6.2(11.2) Fighting
 - Level 2.6(7.6) Dodging
 * Level 8.3(13.3) Unarmed Combat
 * Level 2.8 Invocations
 + Level 4.1 Evocations


You had 6 spell levels left.
You knew the following spells:

 Your Spells              Type           Power        Failure   Level
a - Corona                Hex            0%           28%         1

Your spell library contained the following spells:

 Spells                   Type           Power        Failure   Level
 Sandblast                Erth           0%           28%         1
 Ensorcelled Hibernation  Hex/Ice        0%           41%         2
 Confusing Touch          Hex            0%           65%         3
 Dazzling Flash           Conj/Hex       0%           65%         3
 Tukima's Dance           Hex            0%           65%         3


Dungeon Overview and Level Annotations

Branches:
Dungeon (6/15)
 Temple: D:4-7

Altars:
Elyvilon
Okawaru
Sif Muna
Trog

Annotations:
D:3 Grinder
D:5 exclusion: door


Innate Abilities, Weirdness & Mutations

You cannot wear most types of armour.
You are very stealthy in the water. (Stealth+)
You are amphibious.
You can wear up to eight rings at the same time.
You can use your tentacles to constrict eight enemies at once.
Your skin changes colour to match your surroundings (Stealth+).
Your rubbery body absorbs attacks. (AC +1, EV +1)
You tend to lose your temper in combat.
Scrolls take you longer to read.
You are clumsy. (Dex -2)
You are frail. (-10% HP)


Message History

The orc closely misses you.
You bludgeon the orc!
You kill the orc!
Okawaru accepts your kill.
You bludgeon the orc!
You kill the orc!
You closely miss the orc warrior. You grab the orc warrior.
You constrict the orc warrior.
The orc warrior hits you with a +0 hand axe!
You tentacle-slap the orc warrior. You constrict the orc warrior.
The orc warrior hits you with a +0 hand axe!
You are too injured to fight recklessly!
You are too injured to fight recklessly!
You tentacle-slap the orc warrior but do no damage.
You constrict the orc warrior, but do no damage.
You barely miss the orc warrior. You squeeze the orc warrior!
You constrict the orc warrior, but do no damage.
The orc warrior hits you with a +0 hand axe!!
* * * LOW HITPOINT WARNING * * *
You release your grip on the orc warrior.
Throw: 7 darts (atropa)
Aim: an orc warrior, wielding a +0 hand axe and wearing a +0 chain mail (moderately wounded, 62% to hit, chance to blind on hit: 80%)
You throw an atropa-tipped dart.
The atropa-tipped dart hits the orc warrior.
The orc warrior appears confused.
The orc warrior falls into the water!
The orc warrior drowns.
Okawaru accepts your kill.
You hear a splash. x2
Throw: 6 darts (atropa)
Aim: an orc, wielding a +0 dagger (65% to hit, chance to blind on hit: 100%)
You throw an atropa-tipped dart. The atropa-tipped dart hits the orc.
The orc appears confused.
The orc falls into the water!
The orc drowns.
Okawaru accepts your kill.
You hear a splash.
The electric eel shoots out a bolt of lightning at you!
The bolt of electricity hits you!
You die...

.# .. .. .. .. # ####
########### #..#
#≈;≈≈≈≈@≈≈# .........
#≈##≈≈≈##≈# #........
######≈# ..... #.
#...#≈)## #..## ##
#[..).(.######...###
#...#≈)...##.......##
######≈#............#
#≈##≈≈≈##≈.#......)....#
#≈≈≈≈≈≈≈≈≈.............#


You could see an electric eel.

Vanquished Creatures
  Maggie (D:6)
  Edmund (D:6)
  An ice beast (D:6)
  A sky beast (D:5)
  An orc warrior (D:6)
  3 ogres
  A centaur (D:5)
  2 bullfrogs (D:6)
  2 orc priests
  2 hounds
  2 bullfrog skeletons
  Ijyb (D:3)
  2 orc wizards
  5 gnolls
  8 adders
  2 white imps
  2 ufetubi
  An adder skeleton (D:4)
  A worm (D:2)
  A dart slug (D:1)
  3 leopard geckos
  14 orcs
  4 bats (D:1)
  2 giant cockroaches
  11 goblins
  4 hobgoblins
  6 jackals
  5 kobolds
  3 quokkas
  3 ball pythons
  10 frilled lizards
  3 rats
108 creatures vanquished.

Notes
Turn   | Place    | Note
-------+----------+-------------------------------------------
     0 | D:1      | runeeyes the Octopode Chaos Knight began the quest for the
                  | Orb.
     0 | D:1      | Reached XP level 1. HP: 16/16 MP: 1/1
    83 | D:1      | Reached XP level 2. HP: 14/21 MP: 2/2
   303 | D:1      | XOM: divination: magic mapping
   457 | D:1      | XOM: potion effect (curing)
   494 | D:1      | XOM: divination: magic mapping
   794 | D:1      | XOM: give mutations
   794 | D:1      | Gained mutation: You tend to lose your temper in combat.
                  | [Xom's mischief]
   794 | D:1      | Gained mutation: You are clumsy. (Dex -2) [Xom's mischief]
   794 | D:1      | Gained mutation: You are very clumsy. (Dex -4) [Xom's
                  | mischief]
   794 | D:1      | Gained mutation: You are strong-willed. (Will+) [Xom's
                  | mischief]
   890 | D:1      | XOM: give mutation
   890 | D:1      | Gained mutation: You are weak. (Str -2) [Xom's mischief]
  1124 | D:2      | Reached XP level 3. HP: 23/26 MP: 3/3
  1443 | D:2      | XOM is BORED!
  1443 | D:2      | XOM: give mutations
  1443 | D:2      | Lost mutation: You are very clumsy. (Dex -4) [Xom's
                  | mischief]
  1443 | D:2      | Gained mutation: Scrolls take you a little longer to read.
                  | [Xom's mischief]
  1443 | D:2      | Gained mutation: Scrolls take you longer to read. [Xom's
                  | mischief]
  1443 | D:2      | Lost mutation: You tend to lose your temper in combat.
                  | [Xom's mischief]
  1593 | D:2      | Reached skill level 4 in Unarmed Combat
  1799 | D:2      | XOM: stat loss: -1 Str (8/9)
  1825 | D:2      | Reached XP level 4. HP: 24/31 MP: 4/4
  1960 | D:2      | Found a shimmering blue altar of Sif Muna.
  1975 | D:2      | Identified Sif Muna's Catalogue of the Rocks
  1981 | D:2      | Found a bloodstained altar of Trog.
  2211 | D:2      | XOM: 9-stop teleportation journey
  2283 | D:2      | XOM: draining
  2479 | D:2      | XOM is BORED!
  2752 | D:3      | XOM: give mutations
  2752 | D:3      | Lost mutation: You are weak. (Str -2) [Xom's mischief]
  2752 | D:3      | Lost mutation: You are strong-willed. (Will+) [Xom's
                  | mischief]
  2752 | D:3      | Gained mutation: You are frail. (-10% HP) [Xom's mischief]
  2752 | D:3      | Gained mutation: You tend to lose your temper in combat.
                  | [Xom's mischief]
  2804 | D:3      | Noticed Grinder
  2894 | D:3      | Noticed Ijyb
  2905 | D:3      | XOM: enchant monster (bad)
  2908 | D:3      | XOM: swap monsters
  2914 | D:3      | Paralysed by Ijyb for 2 turns
  2917 | D:3      | XOM: noise
  2918 | D:3      | Paralysed by Ijyb for 5 turns
  2922 | D:3      | XOM: fog
  2926 | D:3      | Killed Ijyb
  2927 | D:3      | Reached XP level 5. HP: 22/30 MP: 5/5
  3143 | D:3      | XOM: cloud trail
  3445 | D:4      | Reached skill level 5 in Unarmed Combat
  3581 | D:4      | XOM: cloud trail
  3772 | D:4      | Noticed an ogre
  3777 | D:4      | Killed an ogre
  3778 | D:4      | Reached XP level 6. HP: 39/39 MP: 6/6
  3809 | D:4      | XOM: god gift: box of beasts
  3913 | D:4      | XOM: cloud trail
  4219 | D:4      | XOM: 1-stop teleportation journey
  4376 | D:4      | Found an iron altar of Okawaru.
  4376 | D:4      | Found a white marble altar of Elyvilon.
  4387 | D:4      | Fell from the grace of Xom
  4387 | D:4      | Became a worshipper of Warmaster Okawaru
  4400 | D:5      | Entered Level 5 of the Dungeon
  4427 | D:5      | Reached skill level 6 in Unarmed Combat
  4610 | D:5      | Noticed a sky beast
  4667 | D:5      | Reached skill level 1 in Evocations
  4672 | D:5      | Reached XP level 7. HP: 44/44 MP: 7/7
  4738 | D:5      | Reached skill level 5 in Fighting
  5081 | D:5      | Reached * piety under Okawaru
  5082 | D:5      | Reached skill level 7 in Unarmed Combat
  5463 | D:5      | Learned a level 1 spell: Corona
  5489 | D:6      | XOM: give mutation
  5489 | D:6      | Gained mutation: You are weak. (Str -2) [Xom's mischief]
  5513 | D:6      | XOM: 1-stop teleportation journey
  5538 | D:6      | Noticed Maggie
  5543 | D:6      | XOM: confuse monster(s)
  5599 | D:5      | XOM: give mutation
  5599 | D:5      | Lost mutation: You are weak. (Str -2) [Xom's mischief]
  5732 | D:6      | Killed Maggie
  5733 | D:6      | Reached XP level 8. HP: 38/51 MP: 8/8
  5863 | D:6      | Reached ** piety under Okawaru
  5988 | D:6      | XOM: blink monster(s)
  5998 | D:6      | Reached skill level 8 in Unarmed Combat
  5998 | D:6      | Reached skill level 1 in Invocations
  6125 | D:6      | Noticed Edmund
  6142 | D:6      | Killed Edmund
  6239 | D:6      | Killed from afar by an electric eel

Illustrated notes

Levels and vault maps discovered:
D:1:      nzn_arrival_water_spiral, layout_basic, st_stairs_8,
          minmay_lizard_pond
D:2:      layout_loops_ring, nzn_overflow_gifts_of_might_and_magic
D:3:      layout_basic, uniq_grinder, uniq_ijyb
D:4:      kennysheep_spiral_hall, layout_loops_ring,
          gammafunk_temple_overflow_elements
D:5:      layout_basic
D:6:      minmay_diamond_boxcup, layout_cave_pools, minitemple,
          lightli_minifort, uniq_eustachio, uniq_maggie, uniq_edmund

Skill      XL: |  1  2  3  4  5  6  7  8 |
---------------+-------------------------+-----
Unarmed Combat | 4 5 6 7 8 |  8.3
Fighting       | 4 5 6 |  6.2
Evocations     | 1 3 4 |  4.1
Invocations    | 2 |  2.8
Dodging        | |  2.6

Action                   |  1- 3 |  4- 6 |  7- 9 || total
-------------------------+-------+-------+-------++-------
Melee: Unarmed           |    78 |   106 |   109 ||   293
       Constrict         |    18 |    22 |    21 ||    61
       Tentacles         |    13 |    22 |    20 ||    55
       Punch             |       |     5 |     3 ||     8
Throw: Dart              |       |       |     2 ||     2
Invok: Heroism           |       |       |     5 ||     5
Evoke: Wand              |       |     6 |       ||     6
       Box of beasts     |       |       |     1 ||     1
  Use: Scroll            |       |     3 |     7 ||    10
 Stab: Sleeping          |     4 |     2 |     5 ||    11
       Confused          |       |       |     1 ||     1
Armor: Skin              |     6 |    24 |    17 ||    47
Dodge: Dodged            |    44 |    51 |    42 ||   137
Block: Other             |       |     1 |    18 ||    19

Table legend: (Time is in decaauts)
 A = Elapsed time spent in this place.
 B = Non-inter-level travel time spent in this place.
 C = Inter-level travel time spent in this place.
 D = Time resting spent in this place.
 E = Time spent auto-exploring this place.
 F = Levels seen in this place.
 G = Mean time per level.
                   A        B        C        D        E       F      G
               +--------+--------+--------+--------+--------+-----+--------+
         Total |   6210 |   6057 |    153 |    579 |   4671 |   6 | 1035.0 |
       Dungeon |   6210 |   6057 |    153 |    579 |   4671 |   6 | 1035.0 |
               +--------+--------+--------+--------+--------+-----+--------+

Top non-repeatable levels by time:
     D:2: 1418 daAuts
     D:5: 1303 daAuts
     D:1: 1069 daAuts
     D:4: 1023 daAuts
     D:3: 871 daAuts
     D:6: 524 daAuts
